 Dungeon Crawl Stone Soup version 0.29-a0-830-gcb1280458a (webtiles) character file.

Game seed: 15895751208440008481

35 porpoise the Poker (level 3, 0/33 HPs)
             Began as a Hill Orc Monk on July 12, 2022.
             Slain by an iguana (10 damage)
             ... on level 2 of the Dungeon.
             The game lasted 00:03:50 (1398 turns).

porpoise the Poker (Hill Orc Monk)                  Turns: 1398, Time: 00:03:51

Health: 0/33       AC:  3    Str: 15    XL:     3   Next: 33%
Magic:  3/3        EV: 12    Int: 10    God:
Gold:   42         SH:  0    Dex: 13    Spells: 2/2 levels left

rFire   . . .      SeeInvis .   a - +0 spear
rCold   . . .      Faith    .   (no shield)
rNeg    . . .      Spirit   .   h - +0 leather armour
rPois   .          Reflect  .   (no helmet)
rElec   .          Harm     .   (no cloak)
rCorr   .          Rampage  .   (no gloves)
Will    .....                   (no boots)
Stlth   ++........              (no amulet)
HPRegen 0.11/turn               (no ring)
MPRegen 0.08/turn               (no ring)

@: no status effects
A: no striking features
a: no special abilities


You were on level 2 of the Dungeon.
You visited 1 branch of the dungeon, and saw 2 of its levels.

You collected 42 gold pieces.

Inventory:

Hand Weapons
 a - a +0 spear (weapon)
Missiles
 b - 3 poisoned darts (quivered)
Armour
 h - a +0 leather armour (worn)
Jewellery
 e - a ring of wizardry
Scrolls
 d - a scroll of enchant armour {unknown}
 g - a scroll of teleportation {unknown}
 j - a scroll of blinking {unknown}
 k - a scroll of noise {unknown}
Potions
 c - a potion of ambrosia
 f - a potion of invisibility {unknown}
 i - a potion of brilliance {unknown}


   Skills:
 + Level 4.2 Fighting
 * Level 4.3 Polearms
 - Level 2.4 Dodging
 - Level 1.5 Stealth


You had 2 spell levels left.
You didn't know any spells.
Your spell library was empty.

Dungeon Overview and Level Annotations

Branches:
Dungeon (2/15)

Altars:
Hepliaklqana


Message History

The adder is almost dead.
The adder barely misses you.
You hit the adder.
You kill the adder!
A frilled lizard comes into view.
The frilled lizard hisses angrily.
You hit the frilled lizard.
You kill the frilled lizard!
No target in view!
Found a stone staircase leading down.
There is a stone staircase leading down here.
You now have 42 gold pieces (gained 10).
k - a scroll labelled FOCYSU IPPUAF
Found a hazy altar of Hepliaklqana.
An iguana comes into view.
You are now empty-handed.
Found a stone staircase leading up.
a - a +0 spear (weapon)
You reach to attack!
You hit the iguana but do no damage. You closely miss the iguana.
The iguana barely misses you.
You barely miss the iguana. The iguana closely misses you.
You closely miss the iguana. The iguana bites you!
You barely miss the iguana. The iguana barely misses you.
You hit the iguana but do no damage. The iguana bites you!
You are too injured to fight recklessly!
You closely miss the iguana. The iguana barely misses you.
You barely miss the iguana. The iguana bites you!
* * * LOW HITPOINT WARNING * * *
You barely miss the iguana. The iguana barely misses you.
You hit the iguana but do no damage. You hit the iguana.
The iguana is lightly wounded.
The iguana completely misses you.
You barely miss the iguana. Your punch misses the iguana.
The iguana is lightly wounded.
The iguana barely misses you.
You closely miss the iguana.
The iguana is lightly wounded.
The iguana bites you!
You die...

#.......# #######.# #.#
#.#### #.....
##############.
.........# #.
#.###############.# #.
......l@....#####.#####.
..<##...................
###.._...####.######
#......# #.######
#......# #......>
##.....# ########
#######


You could see an iguana.

Vanquished Creatures
  An adder (D:2)
  A dart slug (D:1)
  2 endoplasms (D:1)
  A giant cockroach (D:1)
  2 goblins
  4 hobgoblins
  4 kobolds
  A quokka (D:2)
  2 ball pythons
  2 bats (D:2)
  2 frilled lizards
  A rat (D:1)
23 creatures vanquished.

Notes
Turn   | Place    | Note
-------+----------+-------------------------------------------
     0 | D:1      | porpoise the Hill Orc Monk began the quest for the Orb.
     0 | D:1      | Reached XP level 1. HP: 19/19 MP: 1/1
   168 | D:1      | Reached XP level 2. HP: 21/27 MP: 2/2
   283 | D:1      | Found a faded altar of an unknown god.
  1008 | D:2      | Reached XP level 3. HP: 32/33 MP: 3/3
  1371 | D:2      | Found a hazy altar of Hepliaklqana.
  1398 | D:2      | Slain by an iguana

Illustrated notes

Levels and vault maps discovered:
D:1:      moated_graveyard_arrival, layout_basic,
          hellmonk_ecumenical_altar_pennies_from_heaven
D:2:      layout_loops_ring, basic_altar

Skill      XL: |  1  2 |
---------------+-------+-----
Fighting       | 4 |  4.2
Polearms       | 4 |  4.3
Dodging        | |  2.4
Stealth        | |  1.5

Action                   || total
-------------------------++-------
Melee: Spear             ||    86
       Punch             ||     1
 Stab: Sleeping          ||     4
Armor: Robe              ||     2
       Leather armour    ||     4
Dodge: Dodged            ||    28

Table legend: (Time is in decaauts)
 A = Elapsed time spent in this place.
 B = Non-inter-level travel time spent in this place.
 C = Inter-level travel time spent in this place.
 D = Time resting spent in this place.
 E = Time spent auto-exploring this place.
 F = Levels seen in this place.
 G = Mean time per level.
                   A        B        C        D        E       F      G
               +--------+--------+--------+--------+--------+-----+--------+
         Total |   1389 |   1266 |    123 |    198 |    833 |   2 |  694.5 |
       Dungeon |   1389 |   1266 |    123 |    198 |    833 |   2 |  694.5 |
               +--------+--------+--------+--------+--------+-----+--------+

Top non-repeatable levels by time:
     D:1: 874 daAuts
     D:2: 515 daAuts
